 Dungeon Crawl Stone Soup version 0.26-a0-818-g75db068ed4 (console) character file.

Game seed: 2484088222032752027

452 jejorda2 the Chopper (level 6, -3/59 HPs)
             Began as a Palentonga Berserker on Nov 14, 2020.
             Was a Believer of Trog.
             Slain by Meejax's ghost (6 damage)
             ... on level 4 of the Dungeon.
             The game lasted 00:08:44 (3317 turns).

jejorda2 the Chopper (Palentonga Berserker)         Turns: 3317, Time: 00:08:45

Health: -3/59      AC:  8    Str: 20    XL:     6   Next: 75%
Magic:  6/6        EV:  8    Int:  7    God:    Trog [**....]
Gold:   109        SH:  0    Dex: 12    Spells: 5/5 levels left

rFire    . . .     SeeInvis +   a - +0 executioner's axe
rCold    . . .     Faith    .   (shield currently unavailable)
rNeg     . . .     Spirit   .   m - +0 scale mail
rPois    +         Reflect  .   r - +0 helmet {SInv}
rElec    .         Harm     .   k - +0 cloak
rCorr    .         Rampage  .   (no gloves)
MR       .....                  (no barding)
Stlth    ..........             n - amulet of the acrobat
HPRegen  0.19/turn              l - ring of poison resistance
MPRegen  0.10/turn              C - ring of flight

@: berserk cooldown, slowed, very slow
A: large, rugged brown scales 3, see invisible, deformed body, roll 1, armoured
tail
a: Rolling Charge, Berserk, Trog's Hand, Renounce Religion, Evoke Flight


You were on level 4 of the Dungeon.
You worshipped Trog.
Trog was pleased with you.
You visited 1 branch of the dungeon, and saw 4 of its levels.

You collected 209 gold pieces.
You spent 100 gold pieces at shops.

Inventory:

Hand Weapons
 a - a +0 executioner's axe (weapon)
 B - a +0 flail
 D - a +0 hand axe
Missiles
 j - 11 poisoned darts (quivered)
 y - 7 boomerangs
Armour
 k - a +0 cloak (worn)
 m - a +0 scale mail (worn)
 r - a +0 helmet of see invisible (worn)
Jewellery
 l - a ring of poison resistance (left hand)
 n - an amulet of the acrobat (around neck)
 A - an uncursed amulet of reflection {unknown}
 C - a ring of flight (right hand)
 E - an uncursed ring of fire
Scrolls
 c - a scroll of amnesia {unknown}
 d - 2 scrolls of fog {unknown}
 e - 3 scrolls of remove curse {unknown}
 h - 2 scrolls of enchant armour {unknown}
 i - 6 scrolls of identify {unknown}
 q - 4 scrolls of immolation {unknown}
 t - 2 scrolls of fear {unknown}
 w - 3 scrolls of magic mapping {unknown}
Potions
 b - a potion of magic {unknown}
 f - a potion of lignification {unknown}
 g - a potion of invisibility {unknown}
 o - a potion of attraction {unknown}
 p - a potion of ambrosia {unknown}
 s - a potion of might {unknown}
 u - a potion of brilliance {unknown}
 v - a potion of heal wounds {unknown}
 x - 2 potions of degeneration {unknown}
 z - a potion of cancellation {unknown}


   Skills:
 - Level 5.0 Fighting
 * Level 6.6 Axes
 - Level 1.5 Armour
 - Level 1.5 Dodging


You had 5 spell levels left.
You didn't know any spells.
Your spell library was empty.

Dungeon Overview and Level Annotations

Branches:
Dungeon (4/15)
 Temple: D:4-7

Altars:
Elyvilon
The Shining One

Shops:
D:4 *

Annotations:
D:4 Meejax's ghost, amateur DsGl


Innate Abilities, Weirdness & Mutations

You are completely covered in rugged brown scales. (AC +3, +7% HP)
You have supernaturally acute eyesight. (SInv)
Armour fits poorly on your strangely shaped body.
You can roll at nearby foes to attack.
You have a long armoured tail.


Message History

Meejax's ghost hits you. x2
You slash Meejax's ghost! You tail-slap Meejax's ghost.
Meejax's ghost is almost destroyed.
Meejax's ghost hits you!
Meejax's ghost hits you but does no damage.
Meejax's ghost hits you!
You barely miss Meejax's ghost.
Meejax's ghost is almost destroyed.
Meejax's ghost hits you.
* * * LOW HITPOINT WARNING * * *
Meejax's ghost hits you.
* * * LOW HITPOINT WARNING * * *
You barely miss Meejax's ghost.
Meejax's ghost is almost destroyed.
Meejax's ghost hits you.
* * * LOW HITPOINT WARNING * * *
Meejax's ghost hits you.
* * * LOW HITPOINT WARNING * * *
Meejax's ghost hits you.
You die...

##..# ...... ######.#
...... ...# #.## ......
# ...# #..######...?.
##.# ...#
##..........###..
...#####......##.#...
.........#.....#...#
##.....##...##.#.#######
#...##....####.#@W≈≈≈≈?≈
..######...# #..†#######
....# ##.............#
###.### #(##.........##
# ...###.##.........# #
#.##..##.........# #
#..#.###.........# #
#....###.........#
####...#............#


You could see Meejax's ghost.

Vanquished Creatures
  A phantom (D:3)
  2 scorpions
  A howler monkey (D:3)
  An orc priest (D:3)
  An iguana (D:3)
  3 worker ants (D:3)
  3 adders
  An adder skeleton (D:4)
  A worm (D:4)
  2 leopard geckos
  5 orcs (D:3)
  A ball python (D:2)
  3 giant cockroaches
  4 goblins
  5 hobgoblins
  11 jackals
  2 quokkas
  7 bats
  5 frilled lizards
  6 kobolds
  6 rats
71 creatures vanquished.

Vanquished Creatures (others)
  6 plants (D:4)
6 creatures vanquished.

Grand Total: 77 creatures vanquished

Notes
Turn   | Place    | Note
-------+----------+-------------------------------------------
     0 | D:1      | jejorda2 the Palentonga Berserker began the quest for the
                  | Orb.
     0 | D:1      | Reached XP level 1. HP: 20/20 MP: 1/1
    46 | D:1      | Found a glowing golden altar of the Shining One.
   280 | D:1      | Reached XP level 2. HP: 24/27 MP: 2/2
   905 | D:2      | Reached XP level 3. HP: 33/33 MP: 3/3
  1295 | D:3      | Reached ** piety under Trog
  1296 | D:3      | Reached skill level 4 in Axes
  2093 | D:3      | Reached XP level 4. HP: 35/42 MP: 4/4
  2359 | D:4      | Found a white marble altar of Elyvilon.
  2409 | D:4      | Found Cidetwiq's Mass Market.
  2413 | D:4      | Noticed a phantom
  2425 | D:3      | Reached skill level 5 in Axes
  2425 | D:3      | Reached XP level 5. HP: 44/49 MP: 5/5
  2765 | D:3      | Killed a phantom
  2766 | D:3      | Reached skill level 6 in Axes
  2766 | D:3      | Reached XP level 6. HP: 24/56 MP: 6/6
  3032 | D:4      | Bought a +0 executioner's axe for 100 gold pieces
  3130 | D:4      | Reached skill level 5 in Fighting
  3293 | D:4      | Found a runed translucent door.
  3293 | D:4      | Noticed Meejax's ghost (amateur DsGl)
  3317 | D:4      | Slain by Meejax's ghost

Illustrated notes

Levels and vault maps discovered:
D:1:      doesnt_arrival_eight_statues, layout_basic, tso_metal_star
D:2:      layout_basic
D:3:      layout_loops_corners
D:4:      layout_rooms, lemuel_round_altar, lemuel_crystal_altar,
          ebering_ghost_sewer_d, minmay_shop_mass, chequers_big_river,
          uniq_crazy_yiuf_cottage

Skill      XL: |  1  2  3  4  5  6 |
---------------+-------------------+-----
Axes           | 4 5 6 |  6.6
Fighting       | 4 5 |  5.0
Armour         | |  1.5
Dodging        | |  1.5

Action                   |  1- 3 |  4- 6 || total
-------------------------+-------+-------++-------
Melee: Hand axe          |   135 |    65 ||   200
       Tailslap          |    13 |    15 ||    28
       Executioner's axe |       |    31 ||    31
Invok: Berserk           |       |     5 ||     5
       Trog's Hand       |       |     2 ||     2
 Abil: Rolling Charge    |     1 |     3 ||     4
Armor: Animal skin       |    13 |       ||    13
       Ring mail         |    22 |       ||    22
       Scale mail        |    38 |    51 ||    89
Dodge: Dodged            |    86 |    65 ||   151

Table legend: (Time is in decaauts)
 A = Elapsed time spent in this place.
 B = Non-inter-level travel time spent in this place.
 C = Inter-level travel time spent in this place.
 D = Time resting spent in this place.
 E = Time spent auto-exploring this place.
 F = Levels seen in this place.
 G = Mean time per level.
                   A        B        C        D        E       F      G
               +--------+--------+--------+--------+--------+-----+--------+
         Total |   3401 |   3224 |    177 |    653 |   1901 |   4 |  850.2 |
       Dungeon |   3401 |   3224 |    177 |    653 |   1901 |   4 |  850.2 |
               +--------+--------+--------+--------+--------+-----+--------+

Top non-repeatable levels by time:
     D:3: 1685 daAuts
     D:2: 652 daAuts
     D:1: 648 daAuts
     D:4: 414 daAuts
